 Dungeon Sprint DCSS version 0.20.1-1-g8b1a95d66d (webtiles) character file.

4 Burgietje the Skirmisher (level 1, -2/20 HPs)
             Began as a Hill Orc Fighter on Dec 30, 2017.
             Was a High Priest of Jiyva.
             Slain by a slave (7 damage)
             ... led by Pikel
             ... in the Dungeon (Sprint VII: "The Pits").
             The game lasted 00:00:55 (141 turns).

Burgietje the Skirmisher (Hill Orc Fighter)          Turns: 141, Time: 00:00:56

Health: -2/20      AC:  7    Str: 16 (17) XL:     1   Next: 60%
Magic:  1/1        EV:  7    Int:  9      God:    Jiyva [*****.]
Gold:   0          SH:  8    Dex: 10      Spells: 0/0 levels left

rFire    . . .     SeeInvis .   l - +2 hand axe
rCold    . . .     Gourm    .   c - +0 shield
rNeg     . . .     Faith    .   b - +0 scale mail
rPois    .         Spirit   .   (no helmet)
rElec    .         Reflect  .   (no cloak)
rCorr    +         Harm     .   (no gloves)
MR       .....     NoTele   +   (no boots)
Stlth    ..........             (no amulet)
Regen    0.1/turn               (no ring)
MPRegen  0.1/turn               (no ring)

@: no status effects
A: deterioration 1, jelly absorbing missiles
a: Request Jelly, Slimify, Cure Bad Mutation, Renounce Religion


You were in the Dungeon.
You worshipped Jiyva.
Jiyva was extremely pleased with you.
You were not hungry.

You visited 1 branch

Inventory:

Hand Weapons
 a - a +0 war axe
 l - a +2 hand axe (weapon)
Armour
 b - a +0 scale mail (worn)
 c - a +0 shield (worn)
Scrolls
 k - a scroll of blinking
 n - 3 scrolls of remove curse
 o - 5 scrolls of amnesia
 p - a scroll of summoning
Potions
 d - a potion of might
 e - a potion of curing
 g - a potion of heal wounds
 h - a potion of haste
 i - 4 potions of magic
 j - 3 potions of berserk rage
 m - 2 potions of invisibility
Comestibles
 f - 8 bread rations
 q - 40 fruits
 r - 7 meat rations
 s - 2 chunks of flesh


   Skills:
 + Level 4.1 Fighting
 + Level 3.3 Axes
 + Level 3.7 Armour
 + Level 3.7 Shields


You couldn't memorise any spells.
You didn't know any spells.

Dungeon Overview and Level Annotations

Branches:
Dungeon (1/1)

Altars:
Ashenzari
Cheibriados
Dithmenos
Elyvilon
Fedhas
Gozag
Hepliaklqana
Kikubaaqudgha
Makhleb
Nemelex Xobeh
Okawaru
Qazlal
Ru
Sif Muna
Trog
Uskayaw
Vehumet
Xom
Yredelemnul
Zin
The Shining One
Beogh
Jiyva
Lugonu

Annotations:
D Pikel


Innate Abilities, Weirdness & Mutations

Your body sometimes deteriorates upon taking damage.
You have a small jelly attached to you that may absorb incoming projectiles.


Message History

You feel as though nothing has changed. Jiyva alters your body.
You feel yourself wasting away. Jiyva appreciates your sacrifice.
You feel a little less hungry.
You feel better. The slave hits you!
* * * LOW HITPOINT WARNING * * *
Your body deteriorates!
You feel weakened.
You barely miss the slave.
The slave is severely wounded.
You block the slave's attack.
You hit the slave.
The slave is almost dead.
The slave hits you but does no damage.
You hit the slave.
The slave is almost dead.
The slave closely misses you.
You hit the slave.
The slave is almost dead.
The slave hits you!
You die...

############
#_____J___.#
#_________.#
#__.____...###########
##########'##.........
#.?(.')))'.##......#..
##########.##.........
#.hhp@J.....'.........
#'#####'#####......#..
#.# #.....##.........
#.# #####+#####'#####
#p# #.......# #.#
#.......# #p#
#.......# #.#
#...<...# #.#
#.......#


You could see a slave, 2 jackals and a neutral jelly (fellow slime).

Vanquished Creatures
  A slave (D)
  A giant cockroach (D)
  A jackal (D)
  A frilled lizard (D)
  A rat (D)
5 creatures vanquished.

Vanquished Creatures (others)
  An ooze (D)
1 creature vanquished.

Grand Total: 6 creatures vanquished

Notes
Turn   | Place    | Note
-------+----------+-------------------------------------------
     0 | D        | Burgietje the Hill Orc Fighter began the quest for the Orb.
     0 | D        | Reached XP level 1. HP: 19/19 MP: 1/1
    50 | D        | Found a bloodstained altar of Trog.
    50 | D        | Found a deep blue altar of Sif Muna.
    50 | D        | Found a viscous altar of Jiyva.
    50 | D        | Found a hazy altar of Hepliaklqana.
    50 | D        | Found an opulent altar of Gozag.
    51 | D        | Found a glowing golden altar of the Shining One.
    51 | D        | Found a glowing silver altar of Zin.
    51 | D        | Found a basalt altar of Yredelemnul.
    51 | D        | Found a shimmering altar of Xom.
    51 | D        | Found a sacrificial altar of Ru.
    51 | D        | Found a stormy altar of Qazlal.
    51 | D        | Found an iron altar of Okawaru.
    51 | D        | Found a sparkling altar of Nemelex Xobeh.
    51 | D        | Found a burning altar of Makhleb.
    51 | D        | Found a blossoming altar of Fedhas.
    51 | D        | Found a white marble altar of Elyvilon.
    51 | D        | Found a shadowy altar of Dithmenos.
    51 | D        | Found a snail-covered altar of Cheibriados.
    53 | D        | Found a radiant altar of Vehumet.
    53 | D        | Found a corrupted altar of Lugonu.
    53 | D        | Found a roughly hewn altar of Beogh.
    54 | D        | Found a hide-covered altar of Uskayaw.
    54 | D        | Found an ancient bone altar of Kikubaaqudgha.
    54 | D        | Found a shattered altar of Ashenzari.
    62 | D        | Became a worshipper of Jiyva Jepram the Shapeless
    89 | D        | Reached * piety under Jiyva
    90 | D        | Reached ** piety under Jiyva
    93 | D        | Reached *** piety under Jiyva
    93 | D        | Gained mutation: You have a pair of small horns on your head. [Jiyva's grace]
    93 | D        | Reached **** piety under Jiyva
    99 | D        | Gained mutation: You have a small jelly attached to you that may absorb incoming projectiles. [Jiyva's grace]
    99 | D        | Reached ***** piety under Jiyva
   100 | D        | Lost mutation: You have a pair of small horns on your head. [Jiyva's grace]
   105 | D        | Noticed a slave
   105 | D        | Noticed a slave
   106 | D        | Noticed a phantom
   106 | D        | Noticed Pikel
   107 | D        | Noticed a slave
   122 | D        | Reached skill level 4 in Fighting
   131 | D        | Killed a slave
   137 | D        | Gained mutation: Your body sometimes deteriorates upon taking damage. [Jiyva's grace]
   141 | D        | Slain by a slave

Skill      XL: |  1 |
---------------+----+-----
Axes           | 3 |  3.3
Fighting       | 4 |  4.1
Armour         | |  3.7
Shields        | |  3.7

Action                   || total
-------------------------++-------
Melee: Hand axe          ||    26
       War axe           ||     4
Armor: Scale mail        ||     9
Dodge: Dodged            ||     8
Block: Shield            ||    12
